 Dungeon Crawl Stone Soup version 0.21.1-1-g345015f (webtiles) character file.

39 letownia2 the Magician (level 3, 0/24 HPs)
             Began as a Merfolk Wizard on Mar 9, 2018.
             Slain by an adder (1 damage)
             ... on level 2 of the Dungeon.
             The game lasted 00:03:01 (472 turns).

letownia2 the Magician (Merfolk Wizard)              Turns: 472, Time: 00:03:02

Health: 0/24       AC:  3    Str: 13    XL:     3   Next: 45%
Magic:  2/7        EV: 13    Int: 17    God:
Gold:   72         SH:  0    Dex: 12    Spells: 2/8 levels left

rFire    . . .     SeeInvis .   i - +0 dagger
rCold    . . .     Gourm    .   (no shield)
rNeg     . . .     Faith    .   a - +0 robe
rPois    .         Spirit   .   b - +0 hat
rElec    .         Reflect  .   (no cloak)
rCorr    .         Harm     .   (no gloves)
MR       .....                  g - +0 pair of boots (curse)
Stlth    ++........             (no amulet)
HPRegen  0.08/turn              (no ring)
MPRegen  0.10/turn              (no ring)

@: mighty
A: change form in water, swift swim, stealthy swim
a: no special abilities


You were on level 2 of the Dungeon.
You were not hungry.

You visited 1 branch of the dungeon, and saw 3 of its levels.

You collected 72 gold pieces.

Inventory:

Hand Weapons
 i - a +0 dagger (weapon)
Armour
 a - a +0 robe (worn)
 b - a +0 hat (worn)
 g - a cursed +0 pair of boots (worn)
Scrolls
 f - a scroll of magic mapping {unknown}
 j - a scroll of identify {unknown}
 k - a scroll of remove curse {unknown}
Potions
 e - a potion of brilliance {unknown}
 h - a potion of might
Books
 c - a book of Minor Magic

   Spells                             Type                      Level
   a - Magic Dart                     Conjuration                  1
   b - Blink                          Translocation                2
   c - Call Imp                       Summoning                    2
   d - Slow                           Hexes                        2
   e - Conjure Flame                  Conjuration/Fire             3
   f - Mephitic Cloud                 Conjuration/Poison/Air       3
Comestibles
 d - 2 rations


   Skills:
 - Level 2.6 Dodging
 - Level 2.1 Stealth
 - Level 3.0 Spellcasting
 - Level 2.2 Conjurations
 + Level 1.3 Summonings
   Level 0.7 Translocations
 + Level 0.3 Air Magic
 + Level 0.5 Poison Magic


You had 2 spell levels left.
You knew the following spells:

 Your Spells              Type           Power        Failure   Level  Hunger
a - Magic Dart            Conj           ##..         7%          1    None
e - Mephitic Cloud        Conj/Pois/Air  #.......     34%         3    ###....
i - Call Imp              Summ           #.......     16%         2    ##.....


Dungeon Overview and Level Annotations

Branches:
Dungeon (3/15)

Altars:
Trog


Message History

Unknown command.
Unknown command.
You barely miss the adder.
The adder is moderately wounded.
The adder closely misses you.
Your crimson imp completely misses the adder.
The adder bites you but does no damage.
Unknown command.
Unknown command.
You hit the adder.
The adder is severely wounded.
The adder bites you.
* * * LOW HITPOINT WARNING * * *
Your crimson imp barely misses the adder.
Unknown command.
Unknown command.
It was a potion of might.
You feel very mighty all of a sudden. The adder bites you.
You die...

............... .............
............... ..#####......
..............#####.......#####
..............#.[ ..####..#
............# #.# #.# #..#
............###.###.## #..#
#............#.##...###..#
#..........#......_......#
#..........##@###...##.###
#...........S.# ##.###.#
############5.# #.# #.# #..#
#.. ..# #.... ..##### #.......#
#########


You could see an adder and a friendly crimson imp.

Vanquished Creatures
  2 adders (D:2)
  2 leopard geckos (D:2)
  2 bats (D:1)
  3 giant cockroaches
  A hobgoblin (D:1)
  2 kobolds (D:2)
  3 rats
15 creatures vanquished.

Vanquished Creatures (collateral kills)
  An adder (D:2)
  2 hobgoblins (D:2)
3 creatures vanquished.

Grand Total: 18 creatures vanquished

Notes
Turn   | Place    | Note
-------+----------+-------------------------------------------
     0 | D:1      | letownia2 the Merfolk Wizard began the quest for the Orb.
     0 | D:1      | Reached XP level 1. HP: 13/13 MP: 4/4
    14 | D:1      | Reached skill level 1 in Conjurations
   111 | D:2      | Reached XP level 2. HP: 12/19 MP: 0/6
   210 | D:1      | Learned a level 2 spell: Call Imp
   254 | D:3      | Noticed a centaur
   297 | D:2      | Reached XP level 3. HP: 4/24 MP: 1/7
   302 | D:2      | Learned a level 3 spell: Mephitic Cloud
   419 | D:2      | Found a bloodstained altar of Trog.
   471 | D:2      | HP: 1/24 [adder (5)]
   472 | D:2      | Slain by an adder

Skill      XL: |  1  2 |
---------------+-------+-----
Conjurations   | 1 2 |  2.2
Dodging        | |  2.6
Stealth        | |  2.1
Spellcasting   | |  3.0
Summonings     | |  1.3
Translocations | |  0.7
Air Magic      | |  0.3
Poison Magic   | |  0.5

Action                   || total
-------------------------++-------
Melee: Unarmed           ||    28
       Dagger            ||    11
 Cast: Magic Dart        ||    30
       Call Imp          ||     4
  Use: Potion            ||     1
Armor: Robe              ||    16
Dodge: Dodged            ||    54
